 Dungeon Crawl Stone Soup version 0.20.1-1-g8b1a95d (webtiles) character file.

95 Kingsmith the Conjurer (level 4, -2/30 HPs)
             Began as a Mummy Conjurer on Dec 6, 2017.
             Killed from afar by an orc wizard (8 damage)
             ... with a magic dart
             ... on level 3 of the Dungeon.
             The game lasted 00:05:43 (2107 turns).

Kingsmith the Conjurer (Mummy Conjurer)             Turns: 2107, Time: 00:05:44

Health: -2/30      AC:  4    Str: 11    XL:     4   Next: 39%
Magic:  0/8        EV: 12    Int: 15    God:
Gold:   121        SH:  0    Dex: 12    Spells: 2/8 levels left

rFire    x . .     SeeInvis .   d - +0 club
rCold    + . .     Gourm    .   (no shield)
rNeg     + + +     Faith    .   a - +0 robe
rPois    ∞         Spirit   .   h - +0 helmet
rElec    .         Reflect  .   (no cloak)
rCorr    .         Harm     .   e - +0 pair of gloves
MR       .....     Rnd*Tele +   (no boots)
Stlth    ++........             (no amulet)
Regen    0.1/turn               i - ring of teleportation (curse)
MPRegen  0.2/turn               (no ring)

@: no status effects
A: no food or potions, fire vulnerability, cold resistance 1, negative energy
resistance 3, torment resistance, unbreathing
a: no special abilities


You were on level 3 of the Dungeon.
You were not hungry.

You visited 1 branch of the dungeon, and saw 3 of its levels.

You collected 121 gold pieces.

Inventory:

Hand Weapons
 d - a +0 club (weapon)
 k - a +0 mace of holy wrath
Armour
 a - a +0 robe (worn)
 e - a +0 pair of gloves (worn)
 h - a +0 helmet (worn)
Jewellery
 i - a cursed ring of teleportation (left hand)
 j - an uncursed ring of wizardry {unknown}
Scrolls
 c - 2 scrolls of enchant armour
 f - 2 scrolls of identify
 g - a scroll of teleportation
Books
 b - a book of Conjurations

   Spells                             Type                      Level
   a - Magic Dart                     Conjuration                  1
   b - Searing Ray                    Conjuration                  2
   c - Dazzling Spray                 Conjuration/Hexes            3
   d - Fulminant Prism                Conjuration/Hexes            4
   e - Force Lance                    Conjuration/Translocation    4
   f - Iskenderun's Mystic Blast      Conjuration                  4


   Skills:
 - Level 1.5 Dodging
 - Level 1.5 Stealth
 - Level 2.6 Spellcasting
 - Level 4.2 Conjurations
 + Level 2.4 Hexes


You had 2 spell levels left.
You knew the following spells:

 Your Spells              Type           Power        Failure   Level  Hunger
a - Magic Dart            Conj           ##..         3%          1    N/A
b - Searing Ray           Conj           ##....       5%          2    N/A
c - Dazzling Spray        Conj/Hex       ##....       16%         3    N/A

Dungeon Overview and Level Annotations

Branches:
Dungeon (3/15)

Altars:


Innate Abilities, Weirdness & Mutations

You do not eat or drink.
Your flesh is vulnerable to fire.
You are immune to poison.
Your flesh is cold resistant. (rC+)
You are immune to negative energy. (rN+++)
You are immune to unholy pain and torment.
You can survive without breathing.


Message History

You finish channeling your searing ray.
The orc wizard casts a spell at you. The magic dart hits you!
The goblin closely misses you.
The orc wizard gestures at you while chanting.
The magic dart hits you!
Casting: Searing Ray
Confirm with . or Enter, or press ? or * to list all spells.
You don't have enough magic to cast that spell.
You closely miss the orc wizard.
The orc wizard is severely wounded.
The orc wizard hits you with a dagger.
* * * LOW HITPOINT WARNING * * *
The goblin barely misses you. The orc wizard casts a spell at you.
The magic dart hits you!
* * * LOW HITPOINT WARNING * * *
The goblin misses you.
The orc wizard gestures at you while chanting.
The magic dart hits you!
You die...

### ..# # ##.#
#.##..# .
#.###.#...####....
....†..†.og..'....
#.###.#...####....
##.##.@## .
.........#
.##.####†# # #.#
#+# #.# #.#
###.##### #.# #
#.......###.##.#
#.#.###.##...#.###.
......[.#
#.#..........


You could see an orc wizard and a goblin.

Vanquished Creatures
  An orc priest (D:3)
  An adder (D:2)
  2 dart slugs
  An orc (D:2)
  4 giant cockroaches
  4 goblins
  4 hobgoblins
  8 jackals
  5 kobolds
  2 quokkas
  7 bats
  8 frilled lizards
  4 rats
51 creatures vanquished.

Notes
Turn   | Place    | Note
-------+----------+-------------------------------------------
     0 | D:1      | Kingsmith the Mummy Conjurer began the quest for the Orb.
     0 | D:1      | Reached XP level 1. HP: 13/13 MP: 4/4
   363 | D:1      | Reached XP level 2. HP: 19/19 MP: 1/5
   443 | D:1      | Learned a level 2 spell: Searing Ray
   663 | D:1      | Reached skill level 4 in Conjurations
   765 | D:2      | Reached XP level 3. HP: 13/24 MP: 1/7
   920 | D:2      | Learned a level 3 spell: Dazzling Spray
  1074 | D:2      | Reached skill level 1 in Hexes
  1716 | D:3      | Reached XP level 4. HP: 13/30 MP: 3/8
  2107 | D:3      | Killed from afar by an orc wizard

Skill      XL: |  1  2  3 |
---------------+----------+-----
Conjurations   | 4 |  4.2
Hexes          | 2 |  2.4
Dodging        | |  1.5
Stealth        | |  1.5
Spellcasting   | |  2.6

Action                   |  1- 3 |  4- 6 || total
-------------------------+-------+-------++-------
Melee: Club              |   108 |    14 ||   122
 Cast: Magic Dart        |    53 |     1 ||    54
       Searing Ray       |     2 |     5 ||     7
  Use: Scroll            |     4 |       ||     4
 Stab: Sleeping          |     1 |       ||     1
Armor: Robe              |    49 |    17 ||    66
Dodge: Dodged            |   118 |    20 ||   138
